Unix NetHack Version 3.7.0-89 Work-in-progress - last build Sep 25 2023 05:26:45 (48e034876007844a536bf88644040a71d2893410,branch:master). Game began 2023-10-09 17:37:02, ended 2023-10-09 17:53:56. youngster, lawful female human Knight --- |.0 |. ----- |.- |.|.-- |.--- --- |....--|...| ..| --.....||...---...-- |......--G.........| -.>..............- --...............-- |.......%....--- |.........uf-- --........@-- --.......-- ---.....| --.---- --- Youngster the Gallant St:15 Dx:10 Co:12 In:7 Wi:14 Ch:17 Lawful Dlvl:6 $:367 HP:0(16) Pw:3(3) AC:3 Xp:1/17 T:1048 Burdened Latest messages: Road Warrior misses youngster's ghost. There is a staircase down here. Something is written here in the dust. You read: "ElbereBh". What do you want to write with? [- aboxBCHIO or ?*] Do you want to add to the current engraving? [ynq] (y) You wipe out the message that was written in the dust here. You write in the dust with your fingertip. Road Warrior misses youngster's ghost. Road Warrior misses youngster's ghost. Youngster's ghost turns to flee. You fall down the stairs. You have a little trouble lifting P - a green gem. The gnome wields an aklys! Road Warrior hits the gnome. Road Warrior misses the gnome. The gnome swings his aklys at Road Warrior. The gnome misses Road Warrior. Road Warrior hits the gnome. Road Warrior bites the gnome. The gnome swings his aklys at Road Warrior. The gnome misses Road Warrior. Road Warrior hits the gnome. Road Warrior misses the gnome. The gnome swings his aklys at Road Warrior. The gnome misses Road Warrior. Road Warrior hits the gnome. The gnome is killed! You hear a G sharp squeak in the distance. Road Warrior picks up an aklys. The gnome hits! Road Warrior drops an aklys. Are you waiting to get hit? Use 'm' prefix to force a no-op (to rest). Road Warrior hits the gnome. Road Warrior bites the gnome. The gnome hits Road Warrior. Road Warrior hits the gnome. The gnome is killed! You hear a G sharp squeak in the distance. Road Warrior picks up an aklys. You swap places with Road Warrior. What do you want to throw? [$bHI or ?*] Never mind. What do you want to read? [DGN or ?*] The wrapper reads: "Om-nom". Road Warrior misses the kitten. Road Warrior bites the kitten. The kitten misses! The kitten bites! You die... Inventory: Coins ('$') $ - 367 gold pieces Weapons (')') a - an uncursed +1 long sword (weapon in hand) H - a cursed +1 long sword named c b - an uncursed +1 lance named Type A drill (alternate weapon; not wielded) I - a cursed +1 lance named c Armor ('[') d - an uncursed +0 helmet named P778 (being worn) f - an uncursed +0 pair of leather gloves (being worn) w - a blessed +0 small shield (being worn) c - an uncursed +1 ring mail (being worn) Comestibles ('%') v - an uncursed slime mold. You die... g - 9 uncursed apples J - 10 uncursed apples K - a cursed candy bar labeled "Om-nom" h - 11 uncursed carrots L - 10 cursed carrots M - a cursed food ration Scrolls ('?') G - a cursed scroll of food detection named c D - an uncursed scroll of gold detection named c Spellbooks ('+') N - a cursed spellbook of turn undead named c Potions ('!') E - a cursed potion of sickness named c F - a cursed potion of sleeping named c Wands ('/') x - an uncursed wand of make invisible (0:6) o - an uncursed wand of slow monster (0:7) Tools ('(') e - a cursed skeleton key Gems/Stones ('*') P - an uncursed worthless piece of green glass B - a cursed worthless piece of red glass O - an uncursed worthless piece of white glass C - a cursed worthless piece of white glass Youngster the Knight's attributes: Background: You were a Gallant, a level 1 female human Knight. You were lawful, on a mission for Lugh who was opposed by Brigit (neutral) and Manannan Mac Lir (chaotic). You were in the Gnomish Mines, on level 6. You entered the dungeon 1048 turns ago. You had 17 experience points, 3 more were needed to attain level 2. Basics: You had 0 out of 16 hit points. You had all 3 energy points (spell power). Your armor class was 3. Your wallet contained 367 zorkmids. Autopickup was on for '$?!"=/*' plus thrown, with exceptions. Final Characteristics: Your strength was 15 (limit:18/100). Your dexterity was 10 (limit:18). Your constitution was 12 (limit:18). Your intelligence was 7 (limit:18). Your wisdom was 14 (limit:18). Your charisma was 17 (limit:18). Final Status: You were not hungry. You were burdened; movement was slightly slowed. You were wielding a long sword. You had basic skill with long sword. Final Attributes: You were fervently aligned. You could jump. You were warded. You are dead. Miscellaneous: You encountered 1 bones level. Total elapsed playing time was 16 minutes and 53 seconds. Major events: Turn 1: youngster the lawful female human Knight entered the dungeon 701: entered the Gnomish Mines 1048: killed by a kitten Vanquished creatures: 2 iguanas an acid blob a gas spore a cave spider 3 gnomes a gnome zombie 2 geckos a fox a kobold a goblin a sewer rat 4 grid bugs a kobold zombie 3 newts 23 creatures vanquished. No species were genocided or became extinct. Voluntary challenges: You read items or engraved 13 times. You engraved Elbereth 8 times. You never genocided any monsters. You never polymorphed an object. You never changed form. You used no wishes. Achievement: You entered the Gnomish Mines. The Dungeons of Doom: levels 1 to 4 Level 1: A sink. Level 2: A fountain, a sink. Level 3: Level 4: Stairs down to The Gnomish Mines. The Gnomish Mines: levels 5 to 6 Level 5: Final resting place for youngster-Kni-Hum-Fem-Law, killed by a boulder. Level 6: <- You were here. Final resting place for you, killed by a kitten. Game over: ---------- / \ / REST \ / IN \ / PEACE \ / \ | youngster | | 367 Au | | killed by a | | kitten | | | | | | 2023 | *| * * * | * _________)/\\_//(\/(/\)/\//\/|_)_______ Fare thee well youngster the Knight... You died in The Gnomish Mines on dungeon level 6 with 649 points, and 367 pieces of gold, after 1048 moves. You were level 1 with a maximum of 16 hit points when you died.